 Dungeon Crawl Stone Soup version 0.21.1-1-g345015f (webtiles) character file.

51 tidbits the Insei (level 3, 1/28 HPs)
             Began as a Gnoll Transmuter on Feb 14, 2018.
             Quit the game on level 4 of the Dungeon.
             The game lasted 00:05:52 (551 turns).

tidbits the Insei (Gnoll Transmuter)                 Turns: 551, Time: 00:05:52

Health: 1/28       AC:  2    Str: 12    XL:     3   Next: 81%
Magic:  7/9        EV: 23    Int: 16    God:
Gold:   91         SH:  0    Dex: 20    Spells: 6/12 levels left

rFire    . . .     SeeInvis .     - Unarmed
rCold    . . .     Gourm    .   (shield currently unavailable)
rNeg     . . .     Faith    .   (armour currently unavailable)
rPois    x         Spirit   .   (helmet currently unavailable)
rElec    .         Reflect  .   (cloak currently unavailable)
rCorr    .         Harm     .   (gloves currently unavailable)
MR       .....                  (boots currently unavailable)
Stlth    +.........             (no amulet)
HPRegen  0.09/turn              W - ring of wizardry
MPRegen  0.11/turn              j - ring of loudness (curse)

@: spider-form (expiring), flying, hasted (expiring), very quick
A: tiny, distributed training, strong nose
a: End Transformation


You were on level 4 of the Dungeon.
You were full.
You were a venomous arachnid creature.
You visited 1 branch of the dungeon, and saw 4 of its levels.

You collected 91 gold pieces.

Inventory:

Hand Weapons
 k - a +0 dagger
Missiles
 a - 29 arrows
Armour
 B - a +1 robe (melded)
Jewellery
 h - an uncursed ring of positive energy
   (You found it on level 1 of the Dungeon)
 j - a cursed ring of loudness (right front leg)
   (You found it on level 1 of the Dungeon)
 W - a ring of wizardry (left front leg)
   (You found it on level 2 of the Dungeon)
Scrolls
 i - a scroll of enchant weapon
 l - a scroll of enchant armour
Books
 c - a book of Changes

   Spells                             Type                      Level
   a - Beastly Appendage              Transmutation                1
   b - Sticks to Snakes               Transmutation                2
   c - Spider Form                    Transmutation/Poison         3
   d - Ice Form                       Ice/Transmutation            4
   e - Blade Hands                    Transmutation                5
Comestibles
 d - 2 rations


   Skills:
 + Level 2.6 Fighting
 + Level 0.9 Short Blades
 + Level 0.9 Long Blades
 + Level 0.9 Axes
 + Level 0.9 Maces & Flails
 + Level 0.9 Polearms
 + Level 0.9 Staves
 + Level 0.9 Slings
 + Level 0.9 Bows
 + Level 0.9 Crossbows
 + Level 0.9 Throwing
 + Level 0.9 Armour
 + Level 4.5 Dodging
 + Level 0.9 Stealth
 + Level 0.9 Shields
 + Level 6.5 Unarmed Combat
 + Level 5.0 Spellcasting
 + Level 0.6 Conjurations
 + Level 0.6 Hexes
 + Level 0.6 Charms
 + Level 0.6 Summonings
 + Level 0.6 Necromancy
 + Level 0.6 Translocations
 + Level 3.8 Transmutations
 + Level 0.6 Fire Magic
 + Level 0.6 Ice Magic
 + Level 0.6 Air Magic
 + Level 0.6 Earth Magic
 + Level 0.6 Poison Magic
 + Level 1.0 Invocations
 + Level 0.9 Evocations


You had 6 spell levels left.
You knew the following spells:

 Your Spells              Type           Power        Failure   Level  Hunger
e - Beastly Appendage     Tmut           ###...       4%          1    None
k - Sticks to Snakes      Tmut           ###.....     6%          2    #......
p - Spider Form           Tmut/Pois      ##........   16%         3    ###....


Dungeon Overview and Level Annotations

Branches:
Dungeon (4/15)
 Temple: D:4-7

Altars:

Annotations:
D:3 GreamJoe's ghost, amateur MiBe


Innate Abilities, Weirdness & Mutations

Your experience applies equally to all skills.
((You have very sharp teeth.))
Your uncanny sense of smell can sniff out nearby items.


Message History

An adder and a player ghost come into view.
The adder hisses angrily.
The adder moves out of view.
Found a bubbling cyan potion.
Found a stone staircase leading down.
There is a stone staircase leading up here.
Unknown command.
Casting: Sticks to Snakes
Confirm with . or Enter, or press ? or * to list all spells.
You turn into a venomous arachnid creature.
Your +1 robe melds into your body.
The adder completely misses you. x2
Unknown command.
You closely miss the adder. The adder completely misses you.
GreamJoe's ghost turns its malevolent gaze towards you.
You hit the adder but do no damage.
The adder is poisoned.
The adder completely misses you.
Press: ? - help, v - describe, . - travel
Here: GreamJoe's ghost The floor.
You barely miss the adder. The adder completely misses you.
A kobold comes into view. It is wielding a short sword.
The kobold shouts!
You hit the adder.
The adder is severely wounded.
You hear an angry hiss.
The adder bites you.
* * * LOW HITPOINT WARNING * * *
Unknown command.
You hit the adder.
You kill the adder!
A rat comes into view.
It was a potion of haste.
You feel yourself speed up.
The rat moves out of view.
As you read the scroll labeled VIL EKHEO, it crumbles to dust.
You hear a very strange noise indeed.
It was a scroll of random uselessness.
You hit the kobold.
The kobold is severely wounded.
You barely miss the kobold.
The kobold is severely wounded.
The kobold completely misses you.
Press: ? - help, v - describe, . - travel
Here: GreamJoe's ghost The floor.
You aren't carrying any potions.
Unknown command.
As you read the scroll labeled QUEGRU WOJO, it crumbles to dust.
You feel aware of your surroundings.
You sensed 1 altar.
It was a scroll of magic mapping.
The kobold completely misses you.
Found a faded altar of an unknown god.
You aren't carrying any potions.
Unknown command.
As you read the scroll labeled RIP QO MERHI, it crumbles to dust.
It is a scroll of identify.
i - a scroll of enchant weapon Your transformation is almost over.
Okay, then.
You aren't carrying any potions.
Unknown command.
You hit the kobold.
You kill the kobold!
Unknown command.
Okay, then.
You aren't carrying any potions.
Unknown command.
Unknown command.
A leopard gecko comes into view.
The rat twitches its whiskers.
The rat completely misses you.
You see here a bubbling cyan potion.
b - a bubbling cyan potion Your transformation has ended.
Your +1 robe unmelds from your body.
The rat closely misses you.
There is a stone staircase leading down here.
You climb downwards.
Found 8 gold pieces and a short sword.
There is a stone staircase leading up here.
Casting: Spider Form
Confirm with . or Enter, or press ? or * to list all spells.
You turn into a venomous arachnid creature.
Your +1 robe melds into your body.
The rat completely misses you.
You bite the rat!
You kill the rat!
You see here 8 gold pieces.
You now have 91 gold pieces (gained 8).
You feel a little less agile now.
Your transformation is almost over.
Your extra speed is starting to run out.
An orc, an orc warrior and 2 orc wizards come into view.
The orc warrior shouts!
The orc shouts!
The orc wizard shouts!
You hit the orc wizard.
The orc wizard is moderately wounded.
The orc wizard points at you and mumbles some strange words.
The puff of frost hits you!
* * * LOW HITPOINT WARNING * * *
The orc wizard mumbles some strange words.
The orc wizard seems to speed up.
It was a potion of flight.
You feel very buoyant.
You fly up into the air.
Are you sure you want to abandon this character and quit the game? (Confirm with "yes".)

... #.### #...
#..# ### #..#
....###..######
#..............
#..o# #s#.#
#.#o# #.#o#
.#### #.#.#
....# #####
#.#o# ... ...#
#.#.# ...
#####.###.#.#
#.# #......##.#
#.#
###....#....#


You could see an orc wizard.

Vanquished Creatures
  A howler monkey zombie (D:3)
  An adder (D:3)
  2 leopard geckos
  A giant cockroach (D:3)
  4 goblins
  3 hobgoblins (D:2)
  A quokka (D:3)
  A ball python (D:2)
  4 bats
  4 frilled lizards
  5 kobolds
  4 rats
31 creatures vanquished.

Vanquished Creatures (collateral kills)
  A dart slug (D:2)
1 creature vanquished.

Grand Total: 32 creatures vanquished

Notes
Turn   | Place    | Note
-------+----------+-------------------------------------------
     0 | D:1      | tidbits the Gnoll Transmuter began the quest for the Orb.
     0 | D:1      | Reached XP level 1. HP: 17/17 MP: 6/6
   120 | D:2      | Reached XP level 2. HP: 20/23 MP: 5/7
   359 | D:2      | Learned a level 2 spell: Sticks to Snakes
   372 | D:2      | Noticed a howler monkey
   393 | D:3      | Reached skill level 5 in Spellcasting
   393 | D:3      | Reached XP level 3. HP: 12/28 MP: 5/9
   398 | D:3      | Learned a level 3 spell: Spider Form
   461 | D:2      | Reached skill level 1 in Invocations
   486 | D:3      | Noticed GreamJoe's ghost (amateur MiBe)
   499 | D:3      | Found a faded altar of an unknown god.
   547 | D:4      | Noticed an orc warrior
   548 | D:4      | HP: 1/28 [orc wizard/puff of frost (10)]
   551 | D:4      | Quit the game

Skill      XL: |  1  2  3 |
---------------+----------+-----
Spellcasting   | 5 |  5.0
Invocations    | 1 |  1.0
Fighting       | |  2.6
Short Blades   | |  0.9
Long Blades    | |  0.9
Axes           | |  0.9
Maces & Flails | |  0.9
Polearms       | |  0.9
Staves         | |  0.9
Slings         | |  0.9
Bows           | |  0.9
Crossbows      | |  0.9
Throwing       | |  0.9
Armour         | |  0.9
Dodging        | |  4.5
Stealth        | |  0.9
Shields        | |  0.9
Unarmed Combat | |  6.5
Conjurations   | |  0.6
Hexes          | |  0.6
Charms         | |  0.6
Summonings     | |  0.6
Necromancy     | |  0.6
Translocations | |  0.6
Transmutations | |  3.8
Fire Magic     | |  0.6
Ice Magic      | |  0.6
Air Magic      | |  0.6
Earth Magic    | |  0.6
Poison Magic   | |  0.6
Evocations     | |  0.9

Action                   || total
-------------------------++-------
Melee: Unarmed           ||    75
       Bite              ||     5
       Kick              ||     7
       Headbutt          ||     5
       Punch             ||     4
 Cast: Beastly Appendage ||    12
       Sticks to Snakes  ||     3
       Spider Form       ||     2
  Use: Scroll            ||     4
       Potion            ||     3
 Stab: Sleeping          ||     2
  Eat: Ration            ||     1
Armor: Robe              ||    11
Dodge: Dodged            ||    42

Table legend:
 A = Turns spent in this place as a percentage of turns spent in the entire game.
 B = Non-inter-level travel turns spent in this place as a percentage of non-inter-level travel turns spent in the entire game.
 C = Inter-level travel turns spent in this place as a percentage of turns spent in this place.
 D = Turns resting spent in this place as a percentage of non-inter-level travel turns spent in this place.
 E = Turns spent auto-exploring this place as a percentage of non-inter-level travel turns spent in this place.
 F = Non-inter-level travel turns spent in this place divided by the number of levels of this place that you've seen.
                   A       B       C       D       E      F
               +-------+-------+-------+-------+-------+----------------------
         Total | 100.0 | 100.0 |   0.0 |   0.0 |   0.0 | 137.8
       Dungeon | 100.0 | 100.0 |   0.0 |   0.0 |   0.0 | 137.8
               +-------+-------+-------+-------+-------+----------------------

Table legend:
 A = Kills in this place as a percentage of kills in entire the game.
 B = Kills by you in this place as a percentage of kills by you in the entire game.
 C = Kills by friends in this place as a percentage of kills by friends in the entire game.
 D = Other kills in this place as a percentage of other kills in the entire game.
 E = Experience gained in this place as a percentage of experience gained in the entire game.
 F = Experience gained in this place divided by the number of levels of this place that you have seen.
                   A       B       C       D       E      F
               +-------+-------+-------+-------+-------+----------------------
         Total | 100.0 | 100.0 | 100.0 |   N/A | 100.0 |  18.2
       Dungeon | 100.0 | 100.0 | 100.0 |   N/A | 100.0 |  18.2
               +-------+-------+-------+-------+-------+----------------------

Vault maps used:
D:1:      roderic_chinese_lattice_arrival, columned_hall_lemuel,
          minmay_heptomino_o4
D:2:      first_ration, uniq_robin, uniq_natasha
D:3:      chequers_ecumenical_altar_island, uniq_ijyb
D:4:      lemuel_doored_altar, bloody_makhleb, lemuel_round_altar
